 Dungeon Crawl Stone Soup version 0.29-a0-668-g12ee2bf84d (console) character file.

Game seed: 14508976077600082429

2 om the Insei (level 1, -1/13 HPs)
             Began as an Octopode Transmuter on June 23, 2022.
             Slain by a jackal (2 damage)
             ... on level 1 of the Dungeon.
             The game lasted 00:00:26 (197 turns).

om the Insei (Octopode Transmuter)                   Turns: 197, Time: 00:00:27

Health: -1/13      AC:  1    Str:  9    XL:     1   Next: 30%
Magic:  3/3        EV: 13    Int: 15    God:
Gold:   8          SH:  0    Dex: 12    Spells: 3/4 levels left

rFire   . . .      SeeInvis .     - Unarmed
rCold   . . .      Faith    .   (no shield)
rNeg    . . .      Spirit   .   (helmet restricted)
rPois   .          Reflect  .   (no amulet)
rElec   .          Harm     .   (no ring)
rCorr   .          Rampage  .   (no ring)
Will    .....                   (no ring)
Stlth   ++........              (no ring)
HPRegen 0.04/turn               (no ring)
MPRegen 0.08/turn               (no ring)
                                (no ring)
                                (no ring)

@: no status effects
A: almost no armour, amphibious, 8 rings, camouflage 1, gelatinous body 1,
(nimble swimmer 1), tentacles
a: no special abilities


You were on level 1 of the Dungeon.
You visited 1 branch of the dungeon, and saw 1 of its levels.

You collected 8 gold pieces.

Inventory:

Scrolls
 c - a scroll of enchant weapon {unknown}
Potions
 a - a potion of lignification
 b - a potion of mutation {unknown}


   Skills:
 - Level 1.0 Fighting
 - Level 2.0 Dodging
 * Level 3.1 Unarmed Combat
 - Level 2.0 Spellcasting
 - Level 2.0 Transmutations


You had 3 spell levels left.
You knew the following spells:

 Your Spells              Type           Power      Damage    Failure   Level
a - Beastly Appendage     Tmut           14%        N/A       10%         1

Your spell library contained the following spells:

 Spells                   Type           Power      Damage    Failure   Level
 Wereblood                Tmut           7%         N/A       14%         2
 Spider Form              Tmut/Pois      4%         N/A       41%         3
 Ice Form                 Ice/Tmut       4%         N/A       82%         4


Dungeon Overview and Level Annotations

Branches:
Dungeon (1/15)

Altars:


Innate Abilities, Weirdness & Mutations

You cannot wear most types of armour.
You are amphibious.
You can wear up to eight rings at the same time.
Your skin changes colour to match your surroundings (Stealth+).
Your rubbery body absorbs attacks. (AC +1, EV +1)
((You are camouflaged when in or above water. (Stealth+)))
You have tentacles for arms and can constrict up to eight enemies at once.


Message History

The jackal bites you.
You tentacle-slap the jackal. Your grab misses the jackal.
You squeeze the jackal.
The jackal is severely wounded.
The jackal barely misses you.
You tentacle-slap the jackal.
You kill the jackal!
The bat hits you.
A jackal comes into view.
The bat hits you but does no damage.
The jackal barks!
You tentacle-slap the bat but do no damage.
Your grab misses the bat.
Your tentacle spike misses the bat.
The bat hits you but does no damage. The bat misses you. The bat hits you.
Your tentacle spike disappears.
The bat barely misses you.
A jackal comes into view.
The bat completely misses you. The bat hits you but does no damage.
The bat completely misses you.
You barely miss the bat.
The jackal barks!
You grab the bat. You constrict the bat. The bat barely misses you.
The bat escapes!
The bat misses you. The bat attacks as you move away!
The bat closely misses you. x2
The bat closely misses you. The bat hits you. The bat misses you.
The bat hits you. x2
The jackal attacks as you move away! The jackal bites you. The bat hits you. x2
* * * LOW HITPOINT WARNING * * *
The jackal bites you but does no damage.
The bat attacks as you move away! The bat barely misses you.
The jackal attacks as you move away! The jackal bites you.
* * * LOW HITPOINT WARNING * * *
The bat hits you.
* * * LOW HITPOINT WARNING * * *
The bat barely misses you. The bat closely misses you.
The bat hits you but does no damage.
You see here a ball python corpse.
The jackal attacks as you move away! The jackal bites you.
You die...

#.#.#.....#.#.#
#...#..<..#...#
#.#.#.....#.#.#
#.#.#######.#.#
#.#.........#.#
#.###########.#
#.............#
#######'#######.#
................#
##.########.#####
#.##@# #.bh.#
#.#### #.## #..##
#######...####
.............+
#######...####
#w.## #.## #h#


You could see a jackal and a bat.

Vanquished Creatures
  A jackal (D:1)
  A ball python (D:1)
2 creatures vanquished.

Notes
Turn   | Place    | Note
-------+----------+-------------------------------------------
     0 | D:1      | om the Octopode Transmuter began the quest for the Orb.
     0 | D:1      | Reached XP level 1. HP: 13/13 MP: 3/3
   197 | D:1      | Slain by a jackal

Illustrated notes

Levels and vault maps discovered:
D:1:      matt_arrival_refuge, layout_loops_corners,
          hellmonk_ecumenical_altar_dog_temple, chequers_jeans,
          kennysheep_pointless_box

Action                   || total
-------------------------++-------
Melee: Unarmed           ||     7
       Constrict         ||     2
       Tentacles         ||     1
 Cast: Beastly Appendage ||     3
Armor: Skin              ||     8
Dodge: Dodged            ||    19

Table legend: (Time is in decaauts)
 A = Elapsed time spent in this place.
 B = Non-inter-level travel time spent in this place.
 C = Inter-level travel time spent in this place.
 D = Time resting spent in this place.
 E = Time spent auto-exploring this place.
 F = Levels seen in this place.
 G = Mean time per level.
                   A        B        C        D        E       F      G
               +--------+--------+--------+--------+--------+-----+--------+
         Total |    196 |    196 |      0 |     95 |     66 |   1 |  196.0 |
       Dungeon |    196 |    196 |      0 |     95 |     66 |   1 |  196.0 |
               +--------+--------+--------+--------+--------+-----+--------+

Top non-repeatable levels by time:
     D:1: 196 daAuts
